Cogmind - Beta 13 @@@ ROGUE MODE // 2024.05.04 @ 02:59:30 Player: A Moose Result: Destroyed by H-66 Slayer with Gauss Rifle Performance ------------- Evolutions (1) 500 Regions Visited (6) 1200 Robots Destroyed (17) 85 Value Destroyed (602) 602 Prototype IDs (2) 40 Alien Tech Used (0) 0 Bonus (300) 300 TOTAL SCORE: 2727 Bonus ------- Met Imprinter 300 Cogmind --------- Core Integrity 0/400 Matter 275/300 Energy 21/100 System Corruption 0% Temperature Cool (0) Movement Core (100) Ox1 Location -6/Proximity Caves Parts ------- > --- POWER (1) -------- (None) > --- PROPULSION (3) --- (None) > --- UTILITY (3) ------ Improved Heat Sink > --- WEAPON (2) ------- Makeshift Hammer > --- INVENTORY (5) ---- Core Analyzer Relay Coupler [Programmer] (84) Relay Coupler [Programmer] (84) Molecular Deconstructor Peak State ------------ > --- POWER ------------ Light Angular Momentum Engine > --- PROPULSION ------- Aluminum Leg Aluminum Leg > --- UTILITY ---------- Improved Heat Sink Small Storage Unit 0b10 Decoder Chip [Skirmisher] > --- WEAPON ----------- Molecular Deconstructor > --- INVENTORY -------- Ion Engine Core Analyzer Makeshift ECM Suite Medium Armor Plating Relay Coupler [Programmer] Relay Coupler [Programmer] [Rating: 36] Favorites ----------- Power Light Nuclear Core Engine Light Angular Momentum Engine Power Core Light Nuclear Core Propulsion Aluminum Leg Leg Aluminum Leg Utility Small Storage Unit Device Improved Heat Sink Storage Small Storage Unit Processor 0b10 Decoder Chip [Skirmisher] Protection Light Armor Plating Weapon Small Laser Energy Gun Small Laser Energy Cannon Plasma Cannon Ballistic Gun Light Assault Rifle Launcher Grenade Launcher Special Weapon Molecular Deconstructor Impact Weapon Makeshift Hammer Build | -11 -10 -10 -9 -9 -7 -6 ------- Run | Yrd Mat Min Mat Min Zio Pro Slots Evolved 2 | . . . 2 . . . Power . | . . . . . . . Propulsion 1 | . . . 1 . . . Utility 1 | . . . 1 . . . Weapon . | . . . . . . . Parts Attached 34 | 6 11 1 5 1 2 8 Power 4 | 1 1 . . . . 2 Engine 3 | 1 . . . . . 2 Core 1 | . 1 . . . . . Reactor . | . . . . . . . Propulsion 7 | 2 3 . 1 . . 1 Treads . | . . . . . . . Leg 7 | 2 3 . 1 . . 1 Wheel . | . . . . . . . Hover . | . . . . . . . Flight . | . . . . . . . Utility 7 | 1 2 . 1 1 1 1 Device 2 | . 1 . 1 . . . Storage 1 | 1 . . . . . . Processor 2 | . . . . 1 1 . Hackware . | . . . . . . . Protection 2 | . 1 . . . . 1 Artifact . | . . . . . . . Weapon 16 | 2 5 1 3 . 1 4 Energy Gun 6 | 1 3 . 2 . . . Energy Cannon 3 | . . . 1 . 1 1 Ballistic Gun 3 | 1 2 . . . . . Ballistic Cannon . | . . . . . . . Launcher 1 | . . 1 . . . . Special Weapon 1 | . . . . . . 1 Impact Weapon 2 | . . . . . . 2 Slashing Weapon . | . . . . . . . Piercing Weapon . | . . . . . . . Special Melee Weapon . | . . . . . . . Unidentified Prototypes 2 | . . . 1 . . 1 Parts Lost 17 | . 6 . . . . 11 Power 4 | . 1 . . . . 3 Propulsion 5 | . 1 . . . . 4 Utility 4 | . 1 . . . . 3 Weapon 4 | . 3 . . . . 1 Highest Loss Streak 9 | . 4 . . . . 9 To Critical Strikes . | . . . . . . . Average Slot Usage (%) 95 | . 95 85 88 99 100 93 Engine 4 | . 9 . . . . 8 Core 7 | . 3 14 11 11 11 1 Leg 30 | . 27 28 33 33 33 28 Device 9 | . 7 . 11 11 11 11 Storage 11 | . 14 14 11 11 11 10 Processor 7 | . . . . 10 11 10 Protection 1 | . 4 . . . . . Energy Gun 12 | . 19 5 11 11 11 8 Energy Cannon 2 | . . . . . . 10 Ballistic Gun 7 | . 7 14 11 11 10 . Naked Turns . | . . . . . . . Heaviest Build 25 | 12 15 14 13 13 19 25 Greatest Support 30 | 20 20 20 30 30 30 30 Greatest Overweight (x) 4 | . 1 . . . . 4 Average Overweight (x) . | . . . . . . . Largest Inventory Capacity 8 | 8 8 8 8 8 8 8 Average Capacity 7 | 7 8 8 8 8 8 7 Most Carried 8 | 5 8 7 6 6 8 8 Average Carried 6 | 1 6 7 5 5 6 7 Final Capacity 8 | 8 8 8 8 8 8 5 Final Carried 8 | 2 7 7 5 5 8 5 Class Distribution -------------------- 78% | Scavenger-Mutant 21% | Mutant Dominant Class ---------------- Mutant | -10/Materials Mutant | -10/Mines Scavenger-Mutant | -9/Materials Scavenger-Mutant | -9/Mines Scavenger-Mutant | -7/Zion Scavenger-Mutant | -6/Proximity Caves Resources | -11 -10 -10 -9 -9 -7 -6 ----------- Run | Yrd Mat Min Mat Min Zio Pro Matter Collected 552 | 149 248 27 . . 65 63 Remotely . | . . . . . . . Salvage Created 623 | . 413 27 . . . 183 Parts 31 | . 24 1 . . . 6 Haulers Intercepted . | . . . . . . . Recyclers Shooed . | . . . . . . . Parts Field Recycled . | . . . . . . . Retrieved Matter . | . . . . . . . Parts Self-Destructed 5 | . . . . . . 5 Prevented . | . . . . . . . Kills | -11 -10 -10 -9 -9 -7 -6 ------- Run | Yrd Mat Min Mat Min Zio Pro Combat Hostiles Destroyed 13 | . 8 2 . . . 3 Guns 11 | . 8 1 . . . 2 Cannons 1 | . . . . . . 1 AOE 1 | . . 1 . . . . Classes Destroyed 5 | . 4 . . . . 1 Builder 1 | . 1 . . . . . Operator 2 | . 2 . . . . . Watcher 1 | . 1 . . . . . Grunt 12 | . 8 2 . . . 2 Duelist 1 | . . . . . . 1 Best Kill Streak 5 | . 5 2 . . . 2 Combat Bots Only 4 | . 4 2 . . . 2 Max Kills in Single Turn 1 | . 1 1 . . . 1 Gunslinging . | . . . . . . . Exploded 1 | . . 1 . . . . Melee . | . . . . . . . Uniques/NPCs Destroyed . | . . . . . . . Combat | -11 -10 -10 -9 -9 -7 -6 -------- Run | Yrd Mat Min Mat Min Zio Pro Hostile Shots Fired 211 | . 109 11 . . . 91 Missed 53 | . 31 5 . . . 17 Damage Taken 2217 | . 901 75 . . . 1241 Core 644 | . 211 25 . . . 408 Absorbed by Shields . | . . . . . . . Core Remaining (%) 52 | 100 . 5 . . . . Volleys Fired 78 | . 48 8 6 . . 16 Largest 2 | . 2 2 2 . . 2 Hottest 120 | . 100 50 60 . . 120 Shots Fired 133 | . 83 11 12 . . 27 Gun 114 | . 83 8 12 . . 11 Cannon 14 | . . . . . . 14 Launcher 3 | . . 3 . . . . Special 2 | . . . . . . 2 Kinetic 42 | . 28 8 6 . . . Thermal 86 | . 55 . 6 . . 25 Explosive 3 | . . 3 . . . . Electromagnetic . | . . . . . . . Robot Hit Streak 14 | . 11 4 3 . . 14 Robot Miss Streak 3 | . 3 2 3 . . 3 Penetration Max . | . . . . . . . Secondary Targets 1 | . 1 . . . . . Max Gunslinging Chain 1 | . 1 . . . . . Shots Hit Robots 89 | . 56 8 4 . . 21 Core Hits 41 | . 24 5 1 . . 11 Critical Kills 1 | . 1 . . . . . Critical Parts Destroyed . | . . . . . . . Critical Strikes 5 | . 5 . . . . . Burn 4 | . 4 . . . . . Destroy 1 | . 1 . . . . . Melee Attacks 4 | . . . . . . 4 Impact 4 | . . . . . . 4 Slashing . | . . . . . . . Piercing . | . . . . . . . Sneak Attacks . | . . . . . . . Combat Hostiles . | . . . . . . . Follow-up Attacks . | . . . . . . . Damage Inflicted 1405 | . 693 245 41 9 . 417 Guns 863 | . 693 38 41 . . 91 Cannons 253 | . . . . . . 253 Explosions 207 | . . 207 . . . . Melee 73 | . . . . . . 73 Ramming 9 | . . . . 9 . . Kinetic 302 | . 256 38 8 . . . Thermal 814 | . 437 . 33 . . 344 Explosive 207 | . . 207 . . . . Electromagnetic . | . . . . . . . Impact 73 | . . . . . . 73 Slashing . | . . . . . . . Piercing . | . . . . . . . Highest Corruption . | . . . . . . . Average Corruption . | . . . . . . . Corruption Purged . | . . . . . . . Corruption Blocked . | . . . . . . . Overload Shots . | . . . . . . . Overflow Damage . | . . . . . . . Projectiles . | . . . . . . . Explosions . | . . . . . . . Melee . | . . . . . . . Knockbacks . | . . . . . . . Impact . | . . . . . . . Kinetic . | . . . . . . . Secondary . | . . . . . . . Self-Inflicted Damage 2 | . . 2 . . . . Shots 1 | . . 1 . . . . Rammed . | . . . . . . . Targets Rammed 1 | . . . . 1 . . Kicked 1 | . . . . 1 . . Crushed . | . . . . . . . Highest Temperature 219 | . 219 72 . . . 121 Average Temperature 72 | . 91 36 . . . 45 Received Heat Transfer 648 | . 507 60 . . . 81 Siege Activations . | . . . . . . . Robots Corrupted . | . . . . . . . Combat Hostiles . | . . . . . . . Parts Fried . | . . . . . . . Impact Corruptions . | . . . . . . . Robots Melted . | . . . . . . . Combat Hostiles . | . . . . . . . Parts Melted 6 | . 4 . . . . 2 Heat Transferred 2366 | . 1591 . 75 . . 700 Parts Sabotaged . | . . . . . . . Parts Stolen . | . . . . . . . Parts Stripped . | . . . . . . . Power Chain Reactions . | . . . . . . . Alert | -11 -10 -10 -9 -9 -7 -6 ------- Run | Yrd Mat Min Mat Min Zio Pro Peak Influence 125 | . 117 125 90 34 . . Initial 48 | . . 28 48 34 . . Average 60 | . 70 86 75 34 . . Maximum Alert Level . | . . . . . . . Low Security (%) 100 | 100 100 100 100 100 . . Level 1 . | . . . . . . . Level 2 . | . . . . . . . Level 3 . | . . . . . . . Level 4 . | . . . . . . . Level 5 . | . . . . . . . High Security . | . . . . . . . Max Security . | . . . . . . . Squads Dispatched 4 | . 2 . 2 . . . Investigation . | . . . . . . . Extermination . | . . . . . . . Reinforcement 4 | . 2 . 2 . . . Assault . | . . . . . . . Garrison . | . . . . . . . Intercept . | . . . . . . . Searches Triggered . | . . . . . . . Construction Impeded . | . . . . . . . Haulers Reinforced . | . . . . . . . Active Scanning Responses . | . . . . . . . Cargo Convoy Interrupts . | . . . . . . . Stealth | -11 -10 -10 -9 -9 -7 -6 --------- Run | Yrd Mat Min Mat Min Zio Pro Distress Signals 2 | . 2 . . . . . Communications Jammed . | . . . . . . . Distress Signals . | . . . . . . . Times Spotted 31 | . 20 2 4 . . 5 Peak Tracking Total 5 | . 5 2 1 . . 3 Tactical Retreats . | . . . . . . . Traps | -11 -10 -10 -9 -9 -7 -6 ------- Run | Yrd Mat Min Mat Min Zio Pro Traps Triggered 1 | . 1 . . . . . Indirectly . | . . . . . . . Trap Hack Attempts . | . . . . . . . Triggered . | . . . . . . . Disarmed . | . . . . . . . Reprogrammed . | . . . . . . . Reused . | . . . . . . . Traps Extracted . | . . . . . . . Installed . | . . . . . . . Triggered . | . . . . . . . Machines | -11 -10 -10 -9 -9 -7 -6 ---------- Run | Yrd Mat Min Mat Min Zio Pro Machines Disabled 3 | . . 2 . . . 1 Max in Single Turn 1 | . . 1 . . . 1 Machines Repaired . | . . . . . . . Machines Dismantled . | . . . . . . . Machines Sabotaged . | . . . . . . . Overloaded Fab Kills . | . . . . . . . Hacking | -11 -10 -10 -9 -9 -7 -6 --------- Run | Yrd Mat Min Mat Min Zio Pro Machines Accessed 11 | . 9 . 2 . . . Terminals 8 | . 7 . 1 . . . Fabricators . | . . . . . . . Repair Stations 1 | . 1 . . . . . Recycling Units 1 | . 1 . . . . . Scanalyzers 1 | . . . 1 . . . Garrison Access . | . . . . . . . Total Hacks 20 | . 16 . 4 . . . Successful 11 | . 8 . 3 . . . Failed 9 | . 8 . 1 . . . Catastrophic . | . . . . . . . Database Lockouts . | . . . . . . . Manual 18 | . 15 . 2 . . 1 Terminals 15 | . 13 . 2 . . . Fabricators . | . . . . . . . Repair Stations 2 | . 2 . . . . . Recycling Units 1 | . 1 . . . . . Scanalyzers 2 | . . . 2 . . . Garrison Access . | . . . . . . . Terminal Hacks . | . . . . . . . Fabricator Hacks . | . . . . . . . Repair Station Hacks . | . . . . . . . Recycling Unit Hacks 1 | . 1 . . . . . Report Inventory 1 | . 1 . . . . . Scanalyzer 2 | . . . 2 . . . Insert Component 1 | . . . 1 . . . Analyze 1 | . . . 1 . . . Garrison Access Hacks . | . . . . . . . Unauthorized Hacks 8 | . 7 . 1 . . . Terminals 7 | . 6 . 1 . . . Assimilate 1 | . . . 1 . . . Botnet 6 | . 6 . . . . . Fabricators . | . . . . . . . Repair Stations 1 | . 1 . . . . . Mechanics 1 | . 1 . . . . . Recycling Units . | . . . . . . . Scanalyzers . | . . . . . . . Garrison Access . | . . . . . . . Data Cores Recovered . | . . . . . . . Used . | . . . . . . . Hacking Detections 9 | . 7 . 2 . . . Full Trace Events . | . . . . . . . Feedback Events . | . . . . . . . Feedback Blocked . | . . . . . . . Robot Schematics Acquired . | . . . . . . . Robots Built . | . . . . . . . Authchips . | . . . . . . . Time . | . . . . . . . Total Robot Build Rating . | . . . . . . . Part Schematics Acquired 1 | . . . 1 . . . Parts Built . | . . . . . . . Authchips . | . . . . . . . Time . | . . . . . . . Total Part Build Rating . | . . . . . . . Parts Repaired . | . . . . . . . Time . | . . . . . . . Parts Recycled . | . . . . . . . Recycled Matter . | . . . . . . . Retrieved Matter . | . . . . . . . Retrieved Components . | . . . . . . . Parts Scanalyzed 1 | . . . 1 . . . Part Schematics Acquired 1 | . . . 1 . . . Parts Damaged . | . . . . . . . Bothacking | -11 -10 -10 -9 -9 -7 -6 ------------ Run | Yrd Mat Min Mat Min Zio Pro Used RIF Installer . | . . . . . . . Robots Hacked . | . . . . . . . Non-combat . | . . . . . . . Combat . | . . . . . . . Robot Hacks Applied . | . . . . . . . Relay Couplers Released . | . . . . . . . Fabnet Peak Effective % . | . . . . . . . Robots Rewired . | . . . . . . . Allies Hacked . | . . . . . . . Hacks Repelled . | . . . . . . . Allies | -11 -10 -10 -9 -9 -7 -6 -------- Run | Yrd Mat Min Mat Min Zio Pro Total Allies 1 | . . . . 1 . . Largest Group 1 | . . . . 1 . . Highest-Rated Group 31 | . . . . 31 . . Highest-Rated Ally 31 | . . . . 31 . . Total Orders . | . . . . . . . Ally Attacks . | . . . . . . . Total Damage . | . . . . . . . Kills . | . . . . . . . Allies Corrupted . | . . . . . . . Allies Melted . | . . . . . . . Intel | -11 -10 -10 -9 -9 -7 -6 ------- Run | Yrd Mat Min Mat Min Zio Pro Robot Analysis Total . | . . . . . . . Derelict Logs Recovered 2 | . . . . 1 1 . Drone Launches . | . . . . . . . Drone Recoveries . | . . . . . . . Exploration | -11 -10 -10 -9 -9 -7 -6 ------------- Run | Yrd Mat Min Mat Min Zio Pro Turns Passed 2989 | 55 681 78 237 326 880 732 Spaces Moved 2200 | 39 431 50 176 270 726 508 Core 16 | 10 . . . . . 6 Treads . | . . . . . . . Legs 2184 | 29 431 50 176 270 726 502 Wheels . | . . . . . . . Hover . | . . . . . . . Flight . | . . . . . . . Fastest Speed 50 | 50 120 120 120 120 120 100 Average Speed 121 | 102 120 120 120 120 120 128 Slowest Speed 260 | 120 190 120 120 120 120 260 Overloaded Moves . | . . . . . . . Propulsion Burnouts . | . . . . . . . Robots Hopped . | . . . . . . . Cave-ins Triggered . | . . . . . . . Exploration Rate (%) 45 | 3 77 21 19 66 79 54 Regions Visited 6 Branch Regions 4 Pre-discovered Areas 2 | . . . . 1 1 . Known Exits Taken 1 | . . . . 1 . . Unknown Exits Taken 5 | 1 1 1 1 . 1 . Scrap Searched 4 | . . . . . 2 2 Spaces Dug . | . . . . . . . Terrain Destroyed 22 | . . 22 . . . . Melee . | . . . . . . . Projectile . | . . . . . . . AOE 22 | . . 22 . . . . Terrain Rammed . | . . . . . . . Walls Destroyed . | . . . . . . . Machines Disabled . | . . . . . . . Actions | -11 -10 -10 -9 -9 -7 -6 --------- Run | Yrd Mat Min Mat Min Zio Pro Total 2378 | 54 510 58 190 272 736 558 Wait 24 | 2 8 . 2 . . 12 Move 2194 | 38 430 49 175 269 725 508 Hop . | . . . . . . . Pick Up 32 | 8 13 . 1 1 5 4 Fast Attach 5 | . . . . . 2 3 Attach 23 | 6 8 . 3 1 . 5 Detach 1 | . . . . . . 1 Swap 6 | . 3 1 2 . . . Drop 10 | . . . 1 . 4 5 Fire 78 | . 48 8 6 . . 16 Melee 4 | . . . . . . 4 Ram . | . . . . . . . Kick 1 | . . . . 1 . . Crush . | . . . . . . . Escape Stasis . | . . . . . . . Rewire . | . . . . . . . Trap . | . . . . . . . Miscellaneous . | . . . . . . . Route ------- -11/Scrapyard -10/Materials (discovered 3 exits: *Mat x2 / [*Min]) -10/Mines -9/Materials -9/Mines (discovered 2 exits: *Mat / *Zio) -7/Zion (discovered 2 exits: Dee / *Pro) -6/Proximity Caves History --------- Turn | Location | Event 7 | -11/Scrapyard | Discovered new exit (range 16) 56 | -11/Scrapyard | Entered Materials 310 | -10/Materials | Discovered new exit (range 15) 315 | -10/Materials | Build established: Mutant 431 | -10/Materials | Discovered new exit (range 10) 537 | -10/Materials | Core integrity fell below 50% 572 | -10/Materials | Lost 4 parts (1p1n2w) 657 | -10/Materials | Discovered new exit (range 16) 733 | -10/Materials | Core integrity fell below 20% 737 | -10/Materials | Entered Mines 801 | -10/Mines | Discovered new exit (range 13) 815 | -10/Mines | Entered Materials 815 | -9/Materials | Evolved 2 slots: Propulsion x1, Utility x1 1045 | -9/Materials | Discovered new exit (range 7) 1052 | -9/Materials | Entered Mines 1055 | -9/Mines | Received a Mining Laser from a helpful Derelict 1065 | -9/Mines | Discovered new exit (range 12) 1080 | -9/Mines | Identified exit to Materials 1100 | -9/Mines | Build established: Scavenger-Mutant 1290 | -9/Mines | Learned location of Zion (-7) 1375 | -9/Mines | A Derelict revealed a hidden shortcut to a safe place 1377 | -9/Mines | Identified exit to Zion 1378 | -9/Mines | Entered Zion 1414 | -7/Zion | Discovered new exit (range 15) 1467 | -7/Zion | Identified exit to Deep Caves 1652 | -7/Zion | Learned location of Armory (-4) 1937 | -7/Zion | Found Relay Coupler [Programmer] 1964 | -7/Zion | Found Relay Coupler [Programmer] 2258 | -7/Zion | Entered Proximity Caves 2810 | -6/Proximity Caves | Acquired the password to a Derelict Tinkerer's latest research 2819 | -6/Proximity Caves | Found Prototype Special Weapon 2936 | -6/Proximity Caves | Identified Molecular Deconstructor 2969 | -6/Proximity Caves | Core integrity fell below 50% 2985 | -6/Proximity Caves | Core integrity fell below 20% 2990 | -6/Proximity Caves | Destroyed by H-66 Slayer with Gauss Rifle Last Messages --------------- Slug penetrates Wall. Penetrated by Slug. Ion Engine destroyed. Acquired Plasma Cannon. Slug penetrates Wall. Penetrated by Slug. Sml. Storage Unit destroyed. Penetrated by Slug. Acquired Med. Armor Plating. Penetrated by Slug. Plasma Cannon destroyed. Penetrated by Slug. Med. Armor Plating destroyed. Acquired Mak. Hammer. Penetrated by Slug. 0b10 Decoder Chip [Skirmisher] destroyed. Penetrated by Slug. Slug penetrates Wall. Penetrated by Slug. Slug penetrates Wall. Map ----- +----------------------------------------------------+ | ?????????????????????????????????????????????????? | | ???????????###??##????#####?????###??????????????? | | ??????????## ### ##??## ##???# ##????#####????? | | ??????????# #??# #### ##??## ###?? | | ?????????## #???### ## ##?# ?? | | ????????## #?##???# #??# #? | | ????????# ## #???# #????# # | | ????????## ## #??## ## ##?????# | | ?????????##### #??# ## ##???????# | | ?????????????# ##?## ## ##???????????# | | ?????????????# #### ########????????????## | | ?????????????## ##????????????????????# | | ??????????????# ###?????????????????##### | | ??????????????# ####???????????????????# | | ??????????????#### #??????????????????????# | | ?????????????????# ####?????????????????### | | ?????????????????# #????????????????## ## | | ?????????????????# ##?##???????????## ##? | | ?????????????????## ## #????###???## #?? | | ?????????????????## #????# ##??# ###?? | | ????????????????## #???## #### ##???? | | ???????????????## ## ###??## ## ##???? | | ????????????#### ### #??### ## ##??? | | ????????????# ###### !#?## ## ##?? | | ????????????# ##??## ### #### ##? | | ????????????## #???# @ # ##?# ## | | ?????????????## #???## h ### # | | ??????????????# #????# h ### # | | ??????????????# #????# ##??# # | | ????########### #???## ### ## #????#### | | ???##"""# #??## ##?# ### #??###??? | | ???#"" ##?## #?## ##?# ### ##?? | | ???#X][ # ### ### ##?# #?? | | ???## # ## ### #?? | | ????# # ## ### #?? | | ????##### ### ###?? | | ????????# ## ##### ## ##???? | | ????????# #### #???# ## ##????? | | ????????###########??### ##???##### ### ##?????? | | ???????????????????????####?????????##?####??????? | | ?????????????????????????????????????????????????? | | ?????????????????????????????????????????????????? | | ?????????????????????????????????????????????????? | | ?????????????????????????????????????????????????? | | ?????????????????????????????????????????????????? | | ?????????????????????????????????????????????????? | | ?????????????????????????????????????????????????? | | ?????????????????????????????????????????????????? | | ?????????????????????????????????????????????????? | | ?????????????????????????????????????????????????? | +----------------------------------------------------+ Best States ------------- Heat Dissipation 42 Energy Generation 18 Energy Capacity 250 Matter Stores 300 Matter Capacity 300 Sight Range 16 Terrain Scan Density 10 Armor Coverage 225 Evasion (%) 55 Item Schematics ----------------- Aluminum Leg | -9/Materials | Scanalyzed Robot Schematics ------------------ None Fabricated ------------ Nothing Alien Tech Used ----------------- None Achievements -------------- Quantum Hacking Challenges ------------ None Game ------ Seed InsulationBlastLink Manual? 0 Play Time 00:27:48 Cumulative 77.0 hours Start 2024.05.04 @ 02:35:46 End 2024.05.04 @ 02:59:30 Sessions 1 Manual Loads 0 Difficulty Rogue Special Mode None Game No. 86 Rogue 77 Adventurer 9 Explorer 0 Win Type - Total 0 Types 0/0/0/0/0/0/0/0/0 Lore% 44 Gallery% 56 Achievement% 42 Wizard Run 0 Options --------- Layout 1 ASCII 0 Keyboard 0 Movement Numpad Keybinds 0 Fullscreen 1 Font 24/Smallcaps Map View 50x35 Zoom Use 0% Tactical HUD 0 Map Filters NONE Filters NONE Steam 1 RUN: bbc00706-6f39-41ea-b9b7-8a3e77f6119f